 Dungeon Crawl Stone Soup version 0.31.0-9-g3a7656b989 (webtiles) character file.

Game seed: 9702909698729523441

126 Peloso the Covered (level 4, 0/41 HPs)
             Began as a Minotaur Fighter on Jan 27, 2024.
             Slain by a black bear (6 damage)
             ... on level 4 of the Dungeon.
             The game lasted 00:02:51 (2233 turns).

Peloso the Covered (Minotaur Fighter)               Turns: 2233, Time: 00:02:51

Health: 0/41       AC:  7    Str: 20    XL:     4   Next: 84%
Magic:  3/3        EV:  9    Int:  5    God:
Gold:   181        SH:  5    Dex: 12    Spells: 3/3 levels left

rFire   . . .        a - +0 long sword
rCold   . . .        c - +0 buckler
rNeg    . . .        b - +0 scale mail
rPois   .            (helmet restricted)
rElec   .            (no cloak)
rCorr   .            (no gloves)
SInv    .            (no boots)
Will    .....        (no amulet) Stlth
                     (no ring)
HPRegen 0.26/turn    (no ring)
MPRegen 0.08/turn

%: no passive effects
@: no status effects
A: horns 2, retaliatory headbutt, mutation resistance 1
a: no special abilities


You were on level 4 of the Dungeon.
You visited 1 branch of the dungeon, and saw 4 of its levels.

You collected 181 gold pieces.

Inventory:

Hand Weapons
 a - a +0 long sword (weapon)
Armour
 b - a +0 scale mail (worn)
 c - a +0 buckler (worn)
Wands
 m - a wand of roots (11)
 n - a wand of mindburst (17)
Scrolls
 e - a scroll of torment {unknown}
 f - 3 scrolls of identify {unknown}
 g - a scroll of fear {unknown}
 h - a scroll of vulnerability {unknown}
 i - a scroll of noise {unknown}
 j - a scroll of poison {unknown}
 o - a scroll of fog {unknown}
 p - a scroll of amnesia {unknown}
Potions
 d - a potion of might
 k - a potion of mutation
 l - a potion of attraction {unknown}


   Skills:
 + Level 4.3 Fighting
 + Level 3.6 Long Blades
 + Level 5.0 Armour
 + Level 0.6 Dodging
 + Level 0.1 Stealth
 + Level 4.3 Shields


You had 3 spell levels left.
You didn't know any spells.
Your spell library contained the following spells:

 Spells                   Type           Power      Damage    Failure   Level
 Freeze                   Ice            0%         1d3       87%         1
 Ensorcelled Hibernation  Hex/Ice        0%         N/A       95%         2
 Sublimation of Blood     Necr           0%         N/A       95%         2
 Frozen Ramparts          Ice            0%         1d1       99%         3
 Fugue of the Fallen      Necr           0%         N/A       99%         3
 Hailstorm                Conj/Ice       0%         3d5       99%         3
 Anguish                  Hex/Necr       0%         N/A       100%        4
 Petrify                  Alch/Erth      0%         N/A       100%        4
 Irradiate                Conj/Alch      0%         3d11      100%        5


Dungeon Overview and Level Annotations

Branches:
Dungeon (4/15)
 Temple: D:4-7

Altars:

Shops:
D:1 (   D:2 [

Annotations:
D:3 2 runed translucent doors, chipmonk's ghost, amateur FeCA
D:4 Eustachio


Innate Abilities, Weirdness & Mutations

You have a pair of horns on your head.
You reflexively headbutt those who attack you in melee.
You are somewhat resistant to further mutation.


Message History

Robin hits you with a +0 club.
Eustachio mumbles some strange words.
The goblin hits you with a +0 club.
The goblin moves out of view.
You closely miss Robin.
Robin is heavily wounded.
The goblin completely misses you. Robin barely misses you.
Unknown command.
You slash Robin!
You kill Robin!
The goblin hits you with a +0 club.
Eustachio growls, "To hell with you, honourless miscreant!"
Your Armour skill increases to level 5!
Unknown command.
You completely miss the goblin. The goblin closely misses you.
The hobgoblin barely misses you. The goblin barely misses you.
The hobgoblin hits you.
* * * LOW HITPOINT WARNING * * *
Unknown command.
You hit the goblin.
You kill the goblin!
The hobgoblin barely misses you. You furiously retaliate!
You headbutt the hobgoblin!
You kill the hobgoblin!
Unknown command.
You miss the goblin.
The goblin is moderately wounded.
You block the goblin's attack.
Unknown command.
You hit the goblin but do no damage.
The goblin is moderately wounded.
The goblin hits you with a +0 club.
* * * LOW HITPOINT WARNING * * *
The black bear bites you but does no damage.
The black bear claws you but does no damage. x2
Unknown command.
It was a potion of mutation.
You feel extremely strange.
You feel genetically stable. The goblin closely misses you.
You furiously retaliate!
You headbutt the goblin. The black bear bites you.
You die...

.#..# ...# #..#
)#####..#
........#
######.<####.#
.......>.....#
######..######5#.
#..g@hgg@5..
##.#####bg.. #.#
. #.. ###


You could see Eustachio, a black bear, a white imp (summoned), a shadow imp
(summoned), a hobgoblin (strong), 3 goblins and a bat (summoned).

Vanquished Creatures
  Ijyb (D:3)
  Robin (D:4)
  3 adders (D:2)
  3 dart slugs
  2 ribbon worms
  An orc (D:3)
  2 ball pythons (D:2)
  3 endoplasms
  2 giant cockroaches
  7 hobgoblins
  3 jackals (D:2)
  2 quokkas (D:1)
  8 bats
  3 frilled lizards
  4 goblins
  3 kobolds
  5 rats
53 creatures vanquished.

Notes
Turn   | Place    | Note
-------+----------+-------------------------------------------
     0 | D:1      | Peloso the Minotaur Fighter began the quest for the Orb.
     0 | D:1      | Reached XP level 1. HP: 19/19 MP: 0/0
   223 | D:1      | Found Jyzaf's Antique Weapon Emporium.
   225 | D:1      | Reached skill level 4 in Armour
   225 | D:1      | Reached XP level 2. HP: 26/27 MP: 1/1
   885 | D:2      | Reached XP level 3. HP: 23/33 MP: 2/2
   893 | D:2      | Found Cer Hite's Antique Armour Shop.
  1133 | D:2      | Reached XP level 4. HP: 21/40 MP: 3/3
  1443 | D:3      | Found a runed translucent door.
  1473 | D:3      | Found a runed translucent door.
  1681 | D:3      | Noticed Ijyb
  1691 | D:3      | Killed Ijyb
  1905 | D:3      | Noticed chipmonk's ghost (amateur FeCA)
  2216 | D:4      | Noticed Robin
  2221 | D:4      | Noticed Eustachio
  2222 | D:4      | Noticed a black bear
  2228 | D:4      | Killed Robin
  2229 | D:4      | Reached skill level 5 in Armour
  2233 | D:4      | Gained mutation: You are somewhat resistant to further
                  | mutation. [potion of mutation]
  2233 | D:4      | Slain by a black bear

Illustrated notes

Levels and vault maps discovered:
D:1:      ebering_trefoil_twist, layout_loops_cross, serial_shops, shop,
          amcnicky_mini_corridor_feature, roderic_lattice_a
D:2:      layout_basic, serial_shops, nicolae_diamond_shop
D:3:      layout_loops_ring, ebering_ghost_sewer_f, corexii_corridor_pit,
          hangedman_decor_slide_cut, dk_noncrumbling_4,
          chequers_serial_rivers_small_a, glass_columns_a, uniq_ijyb
D:4:      layout_loops_ring, kennysheep_mini_moat, makhleb_altar_promises_db,
          slow_altar_1, uniq_eustachio, uniq_robin

Skill      XL: |  1  2  3  4 |
---------------+-------------+-----
Armour         | 4 5 |  5.0
Fighting       | 4 |  4.3
Shields        | 4 |  4.3
Long Blades    | 3 |  3.6
Dodging        | |  0.6
Stealth        | |  0.1

Action                     |  1- 3 |  4- 6 || total
---------------------------+-------+-------++-------
  Melee: Long sword        |    84 |    48 ||   132
         Headbutt          |     8 |     5 ||    13
    Use: Potion            |     1 |     2 ||     3
 Armour: Scale mail        |    81 |    39 ||   120
  Dodge: Dodged            |    59 |    30 ||    89
  Block: Buckler           |    21 |     9 ||    30
